 Dungeon Crawl Stone Soup version 0.26.1-11-gd32895ea62 (webtiles) character file.

Game seed: 15028079824265872869

38738 Descartes the Spry (level 13, -11/61 HPs)
             Began as a Felid Fighter on June 15, 2021.
             Mangled by a komodo dragon (23 damage)
             ... on level 6 of the Lair of Beasts.
             The game lasted 01:17:15 (34431 turns).

Descartes the Spry (Felid Fighter)                 Turns: 34431, Time: 01:17:16

Health: -11/61     AC:  3    Str: 15      XL:     13   Next: 65%
Magic:  18/18      EV: 33    Int: 11 (12) God:
Gold:   1343       SH:  5    Dex: 19      Spells: 4/18 levels left
                                        Lives:  0   Deaths: 4

rFire    + . .     SeeInvis +     - Unarmed
rCold    + . .     Faith    .   (shield unavailable)
rNeg     . . .     Spirit   .   (armour unavailable)
rPois    .         Reflect  +   (helmet unavailable)
rElec    +         Harm     .   (cloak unavailable)
rCorr    .         Rampage  .   (gloves unavailable)
Will     +....                  (boots unavailable)
Stlth    +++++++...             C - amulet of Xom's Full Attention {Reflect Slay+4 SH+5}
HPRegen  0.20/turn              d - +4 ring of slaying
MPRegen  0.16/turn              w - ring of protection from fire

@: quick
A: very small, no armour, no weapons or thrown items, stealth, antennae 1, claws
1, fangs 3, see invisible, agile 1, clever 1, deterioration 1, speed 1, shaggy
fur 3, electricity resistance, wild magic 1, evolution 1, sharp paws
a: no special abilities


You were on level 6 of the Lair of Beasts.
You visited 3 branches of the dungeon, and saw 19 of its levels.
You also visited: Volcano.

You collected 1931 gold pieces.
You spent 588 gold pieces at shops.

Inventory:

Missiles
 c - 772 stones
Jewellery
 d - a +4 ring of slaying (left paw)
 o - an uncursed amulet of the acrobat
 t - a +4 ring of protection
 w - a ring of protection from fire (right paw)
 y - an uncursed ring of positive energy
 B - an uncursed ring of stealth
 C - the amulet of Xom's Full Attention (around neck) {Reflect Slay+4 SH+5}
   (You found it on level 8 of the Dungeon)

   [amulet of reflection]

   It shields you and reflects attacks.
   It affects your accuracy and damage with ranged weapons and melee attacks
   (+4).
   It affects your SH (+5).
 E - a +6 ring of strength
 F - the amulet of Ofoy {Acrobat Str+2 Dex+5, unknown}
   (You found it on level 5 of the Lair of Beasts)

   [amulet of the acrobat]

   It helps you evade while moving and waiting.
   It affects your strength (+2).
   It affects your dexterity (+5).
 G - a +4 ring of evasion
 N - an uncursed ring of poison resistance
 O - an uncursed ring of protection from cold
Wands
 r - a wand of flame (45)
 A - a wand of paralysis (8)
 H - a wand of polymorph (21)
 J - a wand of acid (2)
 S - a wand of iceblast (5)
Scrolls
 b - 7 scrolls of teleportation
 g - 15 scrolls of remove curse
 h - 2 scrolls of magic mapping
 i - 2 scrolls of amnesia
 j - 8 scrolls of identify
 k - a scroll of fog
 s - 2 scrolls of holy word
 v - 3 scrolls of fear
 D - a scroll of summoning {unknown}
 I - 3 scrolls of immolation
 Q - a scroll of blinking
Potions
 a - 4 potions of might
 e - 5 potions of lignification
 l - 3 potions of berserk rage
 m - a potion of mutation
 n - 5 potions of curing
 p - 3 potions of flight
 q - 2 potions of haste
 u - 7 potions of ambrosia
 x - 3 potions of attraction
 z - a potion of magic
 L - 2 potions of heal wounds
Miscellaneous
 K - a tin of tremorstones (2/2)


   Skills:
 - Level 10.0 Fighting
 + Level 16.3 Dodging
 - Level 15.0 Stealth
 + Level 14.8 Unarmed Combat
 - Level 3.0 Spellcasting
 - Level 8.0 Hexes
 + Level 4.5 Transmutations
 + Level 10.5 Evocations


You had 4 spell levels left.
You knew the following spells:

 Your Spells              Type           Power        Failure   Level
a - Confusing Touch       Hex            25%          5%          3
b - Dazzling Flash        Conj/Hex       26%          22%         3
c - Ensorcelled Hibernat  Hex/Ice        26%          12%         2
d - Statue Form           Tmut/Erth      5%           100%        6

Your spell library contained the following spells:

 Spells                   Type           Power        Failure   Level
 Corona                   Hex            27%          2%          1
 Tukima's Dance           Hex            25%          5%          3
 Cause Fear               Hex            12%          14%         4
 Animate Skeleton         Necr           4%           34%         1
 Pain                     Necr           8%           34%         1
 Static Discharge         Conj/Air       2%           69%         3
 Vampiric Draining        Necr           1%           69%         3
 Animate Dead             Necr           1%           97%         4
 Yara's Violent Unravell  Hex/Tmut       10%          58%         5
 Silence                  Hex/Air        6%           86%         5
 Irradiate                Conj/Tmut      4%           98%         5
 Agony                    Necr           2%           100%        5
 Lightning Bolt           Conj/Air       1%           100%        5
 Hydra Form               Tmut           7%           100%        6
 Dragon Form              Tmut           7%           100%        7
 Discord                  Hex            12%          100%        8
 Ignition                 Fire           1%           100%        8
 Shatter                  Erth           1%           100%        9
 Tornado                  Air            1%           100%        9


Dungeon Overview and Level Annotations

Branches:
Dungeon (12/15)            Temple (1/1) D:6            Lair (6/6) D:11
  Swamp (0/4) Lair:2       Spider (0/4) Lair:3        Slime (0/5) Lair:6
    Orc (0/2) D:12        Volcano (visited)

Altars:
Ashenzari
Cheibriados
Dithmenos
Elyvilon
Fedhas
Gozag
Hepliaklqana
Kikubaaqudgha
Makhleb
Nemelex Xobeh
Okawaru
Qazlal
Ru
Sif Muna
Trog
Uskayaw
Vehumet
Wu Jian
Xom
Yredelemnul
Zin
The Shining One
Jiyva

Shops:
D:5 !   D:7 :   D:8 ?!!   D:9 *   D:12 *

Portals:
Abyss: D:3

Annotations:
D:3 2 transporters, TangoThomas's ghost, amateur HaWr
D:12 1 exclusion


Innate Abilities, Weirdness & Mutations

You cannot wear armour.
You are incapable of wielding weapons or throwing items.
Your paws allow you to move quietly. (Stealth)
You have sharp claws.
You have razor-sharp teeth.
You have supernaturally acute eyesight. (SInv)
You cover ground quickly.
Your thick and shaggy fur keeps you warm. (AC +3, rC+)
Your sharp claws are effective at attacking unaware monsters.
You have a pair of small antennae on your head.
You are agile. (Dex +2)
Your mind is acute. (Int +2)
Your body sometimes deteriorates upon taking damage.
You are resistant to electric shocks. (rElec)
Your spells are a little harder to cast, but a little more powerful.
You evolve.


Message History

Your bite misses the rime drake.
The rime drake is moderately wounded.
You block the komodo dragon's attack. The rime drake misses you.
You mangle the rime drake!!
You kill the rime drake!
The komodo dragon misses you.
You scratch the komodo dragon. Your bite misses the komodo dragon.
The komodo dragon is lightly wounded.
The ice encasing you melts away.
You mangle the acid dragon!! Your claw misses the acid dragon.
The acid dragon is almost dead.
The komodo dragon bites you!
* * * LOW HITPOINT WARNING * * *
The acid dragon bites you.
* * * LOW HITPOINT WARNING * * *
You block the acid dragon's attack.
You claw the acid dragon!
You kill the acid dragon!
The komodo dragon bites you!!
You die...

≈≈.. ≈.. ♣≈≈ ♣♣ # ♣≈.
♣.♣♣ . ♣♣.≈ ...♣
##########.
♣♣.P≈♣..P♣
##P.#.#.#..#
♣..≈≈≈♣♣.♣♣
#........... ♣≈l♣..♣
#........... ♣♣†@?♣♣
#...P..#.PY. ♣≈...♣
#.........{Y ♣.≈♣≈.♣♣
##..#....### ♣..♣?≈.♣
#.....†##.8Y
♣..♣♣♣≈.♣
#......#.... ♣...
♣≈≈♣♣ ##...#.#8.<.
♣♣♣. ♣.≈♣♣
#........... ♣
♣♣♣.≈♣♣#...÷..#....
###..≈≈.P#.P.÷#..##+.


You could see a komodo dragon.

Vanquished Creatures
  Josephine (Lair:4)
  2 fire dragons
  Fannar (Lair:1)
  15 hydras
  A rakshasa (D:11)
  A boulder beetle (D:11)
  A catoblepas (Lair:3)
  A death knight (D:9)
  The ghost of Quickbrownfox the Covert, a journeyman OpIE of Gozag (Lair:1)
  The ghost of Quickbrownfox the Cleaver, a novice MiFi of Gozag (D:7)
  2 centaur warriors
  A queen ant (D:8)
  2 two-headed ogres
  Urug (D:12)
  Nergalle (Lair:4)
  Sonja (D:10)
  2 lindwurms (Lair:6)
  2 manticores
  An ugly thing (D:12)
  An oklob plant (D:11)
  12 elephants
  2 black mambas (Lair:2)
  17 cane toads
  5 torpor snails (Lair:6)
  5 gargoyles
  11 komodo dragons
  5 rime drakes
  Maggie (D:7)
  An efreet (D:11)
  7 trolls
  2 polar bears
  3 tyrant leeches (Lair:6)
  9 hornets
  8 dream sheep
  10 blink frogs
  A shadow (D:11)
  2 redbacks (Lair:3)
  4 wraiths
  4 fire bats (Volcano)
  8 wyverns
  58 yaks
  A human (D:12)
  5 basilisks
  2 steam dragons
  A vampire mosquito (D:12)
  10 soldier ants (D:8)
  19 water moccasins
  4 acid dragons
  A hell hound (Volcano)
  4 black bears
  4 sky beasts
  A swamp drake (Lair:6)
  5 orc warriors
  5 ice beasts
  10 ogres
  4 phantoms
  4 necrophages
  22 wolves
  5 centaurs
  9 big kobolds
  20 bullfrogs
  A wyvern zombie (D:8)
  6 scorpions
  11 killer bees
  4 howler monkeys
  8 wights
  5 electric eels
  A centaur zombie (D:10)
  3 quasits
  A bullfrog zombie (D:6)
  7 orc priests
  6 hounds
  4 jellies
  12 orc wizards
  A bullfrog skeleton (D:10)
  2 centaur skeletons
  Jessica (D:3)
  Terence (D:3)
  Natasha (thrice) (D:2)
  8 iguanas
  21 worker ants
  A killer bee zombie (D:8)
  3 hound skeletons (D:6)
  A mummy (D:8)
  Robin (D:3)
  14 gnolls
  15 adders
  2 shadow imps
  2 white imps
  An ufetubus (D:10)
  An ooze (D:1)
  2 adder zombies (D:8)
  An adder skeleton (D:5)
  4 worms
  A dart slug (D:2)
  3 leopard geckos
  42 orcs
  7 bats
  6 giant cockroaches
  20 goblins
  13 hobgoblins
  20 jackals
  13 kobolds
  4 quokkas
  A ball python (D:3)
  4 frilled lizards
  A jackal skeleton (D:5)
  2 leopard gecko skeletons
  5 rats
646 creatures vanquished.

Vanquished Creatures (others)
  34 fungi
  72 plants
  2 withered plants (D:8)
108 creatures vanquished.

Grand Total: 754 creatures vanquished

Notes
Turn   | Place    | Note
-------+----------+-------------------------------------------
     0 | D:1      | Descartes the Felid Fighter began the quest for the Orb.
     0 | D:1      | Reached XP level 1. HP: 10/10 MP: 2/2
   262 | D:1      | Reached skill level 1 in Stealth
   497 | D:1      | Reached XP level 2. HP: 9/14 MP: 3/3
  1222 | D:2      | Reached XP level 3. HP: 17/17 MP: 4/4
  1421 | D:2      | Noticed Natasha
  1434 | D:2      | Killed Natasha
  1435 | D:2      | Reached XP level 4. HP: 18/21 MP: 5/5
  1527 | D:2      | Noticed Natasha
  1537 | D:2      | Killed Natasha
  1538 | D:2      | Reached skill level 5 in Dodging
  2252 | D:2      | Noticed Natasha
  2267 | D:2      | Killed Natasha
  2268 | D:2      | Reached XP level 5. HP: 15/25 MP: 6/6
  2811 | D:3      | Found a blossoming altar of Fedhas.
  2841 | D:3      | Noticed an ogre
  3255 | D:3      | Noticed an ancient zyme
  3258 | D:3      | Noticed a small abomination
  3259 | D:3      | Found a transporter.
  3291 | D:3      | Found a transporter.
  3291 | D:3      | Found a one-way gate to the infinite horrors of the Abyss.
  3291 | D:3      | Noticed TangoThomas's ghost (amateur HaWr)
  3294 | D:3      | Noticed Jessica
  3295 | D:3      | Identified the +6 whip "Werom" {distort, rC+++ Will- Str+3
                  | Stlth+}
  3299 | D:3      | Killed Jessica
  3332 | D:3      | Slain by an ogre
  3333 | D:3      | Reached XP level 4. HP: -5/22 MP: 5/5
  3347 | D:3      | Killed an ogre
  3348 | D:3      | Reached skill level 5 in Unarmed Combat
  3348 | D:3      | Reached XP level 5. HP: 25/25 MP: 6/6
  4071 | D:3      | Gained mutation: You are covered in thick fur. (AC +2)
                  | [Felid growth]
  4071 | D:3      | Reached XP level 6. HP: 29/29 MP: 7/7
  4082 | D:3      | Noticed Robin
  4148 | D:3      | Reached skill level 6 in Dodging
  4408 | D:3      | Killed Robin
  4443 | D:2      | HP: 1/29 [poisoned by Robin]
  4896 | D:3      | Noticed Terence
  4903 | D:3      | Killed Terence
  5691 | D:4      | Reached skill level 5 in Stealth
  5789 | D:4      | Found an iron altar of Okawaru.
  6130 | D:3      | Reached XP level 7. HP: 13/33 MP: 8/8
  6368 | D:4      | Reached skill level 5 in Fighting
  6599 | D:5      | Entered Level 5 of the Dungeon
  6639 | D:5      | Reached skill level 7 in Dodging
  6794 | D:5      | Found Ilokhlad's Distillery.
  6875 | D:5      | Bought 2 potions of mutation for 224 gold pieces
  6875 | D:5      | Gained mutation: Your spells are a little harder to cast,
                  | but a little more powerful. [potion of mutation]
  6875 | D:5      | Gained mutation: Your magical capacity is low. (-10% MP)
                  | [potion of mutation]
  6875 | D:5      | Gained mutation: You are strong-willed. (Will+) [potion of
                  | mutation]
  7237 | D:5      | Reached XP level 8. HP: 29/37 MP: 8/8
  7680 | D:5      | Reached skill level 8 in Dodging
  7871 | D:5      | Found Ilokhlad's Distillery.
  8255 | D:6      | Found a staircase to the Ecumenical Temple.
  8336 | Temple   | Entered the Ecumenical Temple
  8826 | D:6      | Found a burning altar of Makhleb.
  8865 | D:6      | Found a bloodstained altar of Trog.
  9047 | D:6      | Found a stormy altar of Qazlal.
  9047 | D:6      | Found an ornate altar of the Wu Jian Council.
  9048 | D:6      | Found an ancient bone altar of Kikubaaqudgha.
  9163 | D:6      | Found a white marble altar of Elyvilon.
  9185 | D:6      | Found a hazy altar of Hepliaklqana.
  9486 | D:7      | Reached skill level 9 in Dodging
  9760 | D:7      | Noticed Maggie
  9777 | D:7      | Killed Maggie
  9778 | D:7      | Reached XP level 9. HP: 23/40 MP: 9/9
  9993 | D:7      | Found Fenojisa's Book Boutique.
 10615 | D:8      | Reached skill level 10 in Dodging
 10628 | D:8      | Reached skill level 10 in Stealth
 10708 | D:8      | Found Gucyaweh's Distillery.
 10718 | D:8      | Bought a potion of curing for 42 gold pieces
 10737 | D:8      | Reached skill level 1 in Evocations
 10762 | D:8      | Learned a level 3 spell: Confusing Touch
 10766 | D:8      | Learned a level 3 spell: Dazzling Flash
 10769 | D:8      | Found Ixtiown's Distillery.
 10804 | D:8      | Reached skill level 1 in Hexes
 10878 | D:8      | Got a translucent tin amulet
 10889 | D:8      | Identified the amulet of Xom's Full Attention {Reflect
                  | Slay+4 SH+5} (You found it on level 8 of the Dungeon)
 10930 | D:8      | Found a runed translucent gate.
 10930 | D:8      | Found a runed translucent gate.
 10930 | D:8      | Found a runed translucent gate.
 10938 | D:8      | Noticed Quickbrownfox's ghost (novice MiFi)
 10968 | D:8      | Reached skill level 1 in Spellcasting
 11082 | D:8      | Found Gausuati's Magic Scroll Boutique.
 11128 | D:8      | Reached XP level 10. HP: 36/44 MP: 12/12
 11361 | D:8      | Reached skill level 5 in Evocations
 11412 | D:8      | Reached skill level 10 in Unarmed Combat
 11650 | D:8      | Bought a scroll of remove curse for 36 gold pieces
 11650 | D:8      | Bought a scroll of identify for 24 gold pieces
 11650 | D:8      | Bought a scroll of teleportation for 36 gold pieces
 11650 | D:8      | Bought a scroll of noise for 12 gold pieces
 11663 | D:8      | Noticed a queen ant
 11875 | D:8      | Killed a queen ant
 12451 | D:7      | Reached skill level 11 in Dodging
 12763 | D:7      | Killed Quickbrownfox's ghost
 13157 | D:9      | Found Zubosuttu's Assorted Antiques.
 13169 | D:9      | Bought a green potion for 18 gold pieces
 13206 | D:9      | Reached XP level 11. HP: 46/47 MP: 14/14
 13441 | D:9      | Noticed a centaur warrior
 13442 | D:9      | Noticed a tengu warrior
 13473 | D:9      | Noticed a two-headed ogre
 13480 | D:9      | Killed a two-headed ogre
 13481 | D:9      | Reached skill level 12 in Dodging
 13788 | D:9      | Noticed a death knight
 13791 | D:9      | Killed a death knight
 13860 | D:9      | Found a shimmering altar of Xom.
 13861 | D:9      | Found a broken altar of Ashenzari.
 13861 | D:9      | Found a snail-covered altar of Cheibriados.
 14109 | D:9      | Found a sacrificial altar of Ru.
 14557 | D:5      | Bought a potion of ambrosia for 112 gold pieces
 14557 | D:5      | Bought a potion of lignification for 42 gold pieces
 14557 | D:5      | Bought a potion of attraction for 42 gold pieces
 14664 | D:10     | Entered Level 10 of the Dungeon
 15176 | D:10     | Reached skill level 5 in Hexes
 15189 | D:10     | Noticed Sonja
 15196 | D:10     | Killed Sonja
 15428 | D:10     | Reached skill level 13 in Dodging
 16160 | D:11     | Splashed by an acid dragon's acid
 16161 | D:11     | Reached XP level 10. HP: -12/45 MP: 14/14
 16176 | D:11     | Noticed a manticore
 16625 | D:11     | Reached XP level 11. HP: 34/48 MP: 14/14
 17387 | D:11     | Noticed an oklob plant
 17396 | D:11     | Found a staircase to the Lair.
 17602 | D:11     | Noticed a five-headed hydra
 17615 | D:11     | Killed a five-headed hydra
 17644 | D:11     | You fall into a shaft and drop 1 floor!
 17645 | D:12     | Noticed a four-headed hydra
 17647 | D:12     | Killed a four-headed hydra
 17864 | D:11     | HP: 2/49 [manticore (19)]
 18822 | D:11     | Noticed a boulder beetle
 19472 | D:11     | Killed a boulder beetle
 19559 | D:11     | Noticed an eight-headed hydra
 19560 | D:11     | Noticed a centaur warrior
 19560 | D:11     | Noticed a rakshasa
 20061 | D:11     | Killed a rakshasa
 20062 | D:11     | Killed a centaur warrior
 20499 | D:12     | Noticed a centaur warrior
 21054 | D:12     | Killed a centaur warrior
 21055 | D:12     | Reached skill level 14 in Dodging
 21092 | D:12     | Gained mutation: Your thick and shaggy fur keeps you warm.
                  | (AC +3, rC+) [Felid growth]
 21092 | D:12     | Reached XP level 12. HP: 30/54 MP: 15/15
 21857 | D:12     | Noticed a five-headed hydra
 21870 | D:12     | Killed a five-headed hydra
 21879 | D:12     | Found a staircase to the Orcish Mines.
 21905 | D:12     | Found Rowkuus's General Store.
 21940 | D:12     | Noticed a two-headed ogre
 21947 | D:12     | Killed a two-headed ogre
 22119 | D:12     | Noticed Urug
 22125 | D:12     | Hit by a javelin thrown by Urug
 22126 | D:12     | Reached XP level 11. HP: -7/51 MP: 14/14
 22437 | D:12     | Killed Urug
 22577 | D:12     | Killed a cyan ugly thing
 23347 | D:12     | Noticed a six-headed hydra
 23442 | D:11     | Found a staircase to the Lair.
 23673 | D:11     | Killed an eight-headed hydra
 24085 | D:11     | Killed an oklob plant
 24315 | D:11     | Lost mutation: You are strong-willed. (Will+) [potion of
                  | mutation]
 24315 | D:11     | Lost mutation: Your magical capacity is low. (-10% MP)
                  | [potion of mutation]
 24315 | D:11     | Gained mutation: You are strong-willed. (Will+) [potion of
                  | mutation]
 24315 | D:11     | Gained mutation: Your body sometimes deteriorates upon
                  | taking damage. [potion of mutation]
 24315 | D:11     | Gained mutation: You are resistant to electric shocks.
                  | (rElec) [potion of mutation]
 24316 | D:11     | Lost mutation: You are strong-willed. (Will+) [potion of
                  | mutation]
 24316 | D:11     | Gained mutation: You evolve. [potion of mutation]
 24316 | D:11     | Gained mutation: You are agile. (Dex +2) [potion of
                  | mutation]
 24318 | Lair:1   | Entered Level 1 of the Lair of Beasts
 24711 | Lair:1   | Learned a level 2 spell: Ensorcelled Hibernation
 24731 | Lair:1   | Found a runed translucent door.
 24751 | Lair:1   | Noticed a four-headed hydra
 24756 | Lair:1   | Killed a four-headed hydra
 24757 | Lair:1   | Reached XP level 12. HP: 55/55 MP: 17/17
 24760 | Lair:1   | Noticed an eight-headed hydra
 24786 | Lair:1   | Killed an eight-headed hydra
 25173 | Lair:1   | Noticed Fannar
 25183 | Lair:1   | Killed Fannar
 25823 | Lair:1   | Noticed Quickbrownfox's ghost (journeyman OpIE)
 25942 | Lair:1   | Killed Quickbrownfox's ghost
 26162 | Lair:2   | Noticed a five-headed hydra
 26170 | Lair:2   | Killed a five-headed hydra
 26171 | Lair:2   | Reached skill level 15 in Dodging
 26676 | Lair:2   | Found a staircase to the Swamp.
 26980 | Lair:3   | Noticed a five-headed hydra
 26987 | Lair:3   | Killed a five-headed hydra
 27058 | Lair:3   | Noticed a catoblepas
 27073 | Lair:3   | Killed a catoblepas
 27376 | Lair:3   | Reached XP level 13. HP: 51/60 MP: 18/18
 27603 | Lair:3   | Found a hole to the Spider Nest.
 28319 | Lair:3   | Gained mutation: Your mind is acute. (Int +2) [evolution]
 28812 | Lair:4   | Found a dark tunnel.
 28823 | Volcano  | Entered a volcano
 28898 | Volcano  | Noticed a fire dragon
 28906 | Volcano  | Killed a fire dragon
 29029 | Lair:4   | Noticed Nergalle
 29036 | Lair:4   | Killed Nergalle
 30482 | Lair:5   | Got a faintly glowing brass amulet
 30566 | Lair:5   | Noticed Josephine
 30580 | Lair:5   | Reached skill level 10 in Fighting
 30706 | Lair:4   | Killed Josephine
 30707 | Lair:4   | Reached skill level 15 in Stealth
 31238 | Lair:6   | Entered Level 6 of the Lair of Beasts
 31465 | Lair:4   | Reached skill level 10 in Evocations
 31567 | Lair:4   | Gained mutation: You have a pair of small antennae on your
                  | head. [evolution]
 31647 | Lair:6   | Found a staircase to the Slime Pits.
 31648 | Lair:6   | Found a viscous altar of Jiyva.
 32117 | Lair:5   | Reached XP level 14. HP: 66/66 MP: 19/19
 32184 | Lair:6   | Learned a level 6 spell: Statue Form
 32292 | Lair:6   | Reached skill level 1 in Transmutations
 33086 | Lair:5   | Reached skill level 16 in Dodging
 33620 | Lair:6   | Found a runed translucent door.
 34000 | Lair:6   | Paralysed by a hornet for 3 turns
 34001 | Lair:6   | Mangled by a hornet
 34002 | Lair:6   | Reached XP level 13. HP: -9/61 MP: 18/18
 34431 | Lair:6   | Mangled by a komodo dragon

Illustrated notes

Levels and vault maps discovered:
D:1:      minmay_arrival_jagged, layout_rooms
D:2:      layout_basic, serial_curves, eino_curves_04, eino_curves_03,
          minmay_small_reverse_x, uniq_natasha
D:3:      minmay_evil_eye, layout_loops_cross, overflow_temple_1_default,
          gammafunk_ghost_abyssal_escape, uniq_jessica, uniq_robin, uniq_terence
D:4:      layout_gridville, okawaru_altar_gauntlet_db
D:5:      layout_basic, serial_shops,
          nicolae_shop_temple_entry_statues_fountains
D:6:      layout_loops_ring, nicolae_overflow_quartered_altars,
          lemuel_doored_altar, minmay_temple_entry_gardened_gates,
          hangedman_feature_mirror
D:7:      layout_basic, serial_shops,
          nicolae_shop_temple_entry_statues_fountains, uniq_maggie
D:8:      layout_basic, gammafunk_ghost_nasty_kobolds, serial_shops,
          nicolae_shop_statue_plus, shop_statue, shop, serial_undead,
          serial_undead_b, serial_undead_b, serial_undead_a, serial_undead_b,
          minmay_another_anthill
D:9:      layout_roguey, nicolae_ru_path_of_blood,
          chequers_temple_overflow_statue_of_worship, serial_shops, shop,
          minmay_crystal_water, lightli_corner_chamber
D:10:     cheibrodos_statue_roulette, layout_basic, uniq_sonja
D:11:     layout_irregular_city, dpeg_oklobed_lair, minmay_misc_feat_room,
          minivault_5, nzn_random_ring
D:12:     layout_long_grid, erik_orc_4, serial_shops, shop_statue,
          minmay_fractal_squares_gapless_7, uniq_urug
Temple:   hc_temple_tempest_star
Lair:1:   layout_gridlike, ebering_ghost_reflecting_pool, uniq_fannar
Lair:2:   layout_regular_city, minmay_swamp_entry_reptiles
Lair:3:   layout_cave_pods, spider_nest_entry_webs, grunt_megastairs_5
Lair:4:   layout_loops_ring, nicolae_volcano_entry_hallway, lemuel_fruit_fields,
          uniq_nergalle
Lair:5:   layout_misc_corridors, uniq_josephine
Lair:6:   guppyfry_lair_end_dragon, layout_long_grid, wormcave, slime_altar_1,
          minmay_lair_oklob_chamber, grunt_megastairs_3, lemuel_fruit_tree

Skill      XL: |  1  2  3  4  5  6  7  8  9 10 11 12 13 14 |
---------------+-------------------------------------------+-----
Stealth        | 1 2 4 5 7 9 10 11 13 14 15 | 15.0
Dodging        | 5 6 7 9 10 11 14 15 16 | 16.3
Fighting       | 4 5 8 9 10 | 10.0
Unarmed Combat | 5 6 7 9 11 13 14 | 14.8
Evocations     | 3 5 7 8 10 | 10.5
Hexes          | 3 8 7 |  8.0
Spellcasting   | 1 3 |  3.0
Transmutations | 4 3 |  4.5

Action                   |  1- 3 |  4- 6 |  7- 9 | 10-12 | 13-15 || total
-------------------------+-------+-------+-------+-------+-------++-------
Melee: Unarmed           |    70 |   272 |   268 |   885 |   471 ||  1966
       Bite              |     4 |    23 |    22 |   110 |    70 ||   229
       Punch             |       |     7 |     9 |    55 |    49 ||   120
 Cast: Ensorcelled Hiber |       |       |       |     7 |       ||     7
Evoke: Wand              |       |       |       |    39 |    13 ||    52
  Use: Potion            |     1 |     1 |     1 |    15 |     3 ||    21
       Scroll            |       |       |       |    14 |     8 ||    22
 Stab: Sleeping          |     8 |    10 |    27 |    30 |    20 ||    95
       Distracted        |       |       |     2 |     9 |     2 ||    13
       Paralysed         |       |       |       |     4 |     5 ||     9
       Invisible         |       |       |       |     2 |     5 ||     7
Armor: Skin              |     7 |    12 |     9 |    20 |    19 ||    67
Dodge: Dodged            |    56 |   255 |   225 |   699 |   561 ||  1796
Block: Other             |       |       |     4 |   134 |   115 ||   253
       Reflection        |       |       |       |     5 |       ||     5
